 Dungeon Crawl Stone Soup version 0.30-a0-462-gd5975efbca (webtiles) character file.

Game seed: 4713978336083425117

126563 Ijustatesigmund the Thaumaturge (level 16, 0/101 HPs)
             Began as a Gargoyle Earth Elementalist on Dec 15, 2022.
             Was the Champion of Cheibriados.
             Constricted to death by a shambling mangrove (17 damage)
             ... while paralysed by a fenstrider witch
             ... on level 4 of the Swamp on Dec 16, 2022.
             The game lasted 01:36:27 (30821 turns).

Ijustatesigmund the Thaumaturge (GrEE)             Turns: 30821, Time: 01:36:28

Health: 0/101      AC: 35    Str: 29    XL:     16   Next: 99%
Magic:  8/33       EV: -1    Int: 40    God:    Cheibriados [******]
Gold:   2988       SH:  0    Dex: 30    Spells: 19/41 levels left

rFire   + + .      SeeInvis +    L - +4 demon whip (protect)
rCold   + . .      Faith    .    G - +3 kite shield {reflect}
rNeg    + . .      Spirit   .    x - +1 steam dragon scales
rPois   ∞          Reflect  +    I - +1 hat of the Shining One's Whim {rF+ Dex+5}
rElec   +          Harm     .    y - scarf {rC+ rF+}
rCorr   .          Rampage  .    s - +2 pair of gloves "Cof Noli" {Int+3 SInv}
Will    +....                    e - +0 pair of boots
Stlth   +++.......               R - amulet of regeneration
HPRegen 1.16/turn                v - +4 ring of protection
MPRegen 0.23/turn                a - +4 ring of evasion

@: paralysed, grasped by roots, under a protective aura, flying, constricted,
very slow
A: sickness immunity, AC +12, big wings, negative energy resistance 1,
electricity resistance, torment resistance 1, petrification resistance
a: Renounce Religion, Bend Time, Temporal Distortion, Slouch, Step From Time


You were on level 4 of the Swamp.
You worshipped Cheibriados.
Cheibriados was exalted by your worship.
You visited 4 branches of the dungeon, and saw 26 of its levels.
You also visited: Sewer and Gauntlet.

You collected 4527 gold pieces.
You spent 1539 gold pieces at shops.

Inventory:

Hand Weapons
 L - a +4 demon whip of protection (weapon)
 V - the +7 sling "Doucysm" {antimagic, rN+ Int+4 Stlth+}
   (You bought it in a shop on level 2 of the Orcish Mines)

   It reduces the magical energy of the wielder, and disrupts the spells and
   magical abilities of those it strikes.
   Natural abilities and divine invocations are not affected.
   Int:       It affects your intelligence (+4).
   rN:        It protects you from negative energy.
   Stlth:     It makes you more stealthy.
Armour
 e - a +0 pair of boots (worn)
 s - the +2 pair of gloves "Cof Noli" (worn) {Int+3 SInv}
   (You acquired it on level 1 of the Dungeon)

   Int:       It affects your intelligence (+3).
   SInv:      It lets you see invisible.
 x - +1 steam dragon scales (worn)
 y - a scarf of resistance (worn)
 G - a +3 kite shield of reflection (worn)
 I - the +1 hat of the Shining One's Whim (worn) {rF+ Dex+5}
   (You found it on level 14 of the Dungeon)

   Dex:       It affects your dexterity (+5).
   rF:        It protects you from fire.
Magical Staves
 O - a staff of earth
 P - a staff of fire
Jewellery
 a - a +4 ring of evasion (right hand)
 u - a ring of ice
 v - a +4 ring of protection (left hand)
 z - a +4 ring of protection
 B - a ring of fire
 R - an amulet of regeneration (around neck)
 S - a ring of protection from cold
Wands
 t - a wand of digging (12)
 w - a wand of charming (13)
 A - a wand of polymorph (31)
 C - a wand of flame (51)
 J - a wand of roots (8)
 U - a wand of light (3)
Scrolls
 b - 2 scrolls of amnesia
 c - 2 scrolls of fog
 d - 2 scrolls of magic mapping
 h - a scroll of immolation
 l - 5 scrolls of teleportation
 n - 2 scrolls of fear
 o - 2 scrolls of torment
 q - 3 scrolls of blinking
 E - 4 scrolls of poison
 H - a scroll of silence
 K - 14 scrolls of identify
 W - a scroll of summoning
Potions
 f - 2 potions of might
 g - 10 potions of curing
 i - 7 potions of mutation
 j - 10 potions of attraction
 k - 6 potions of heal wounds
 m - 4 potions of brilliance
 p - 6 potions of cancellation
 r - 3 potions of lignification
 D - 2 potions of invisibility
 F - 2 potions of magic
 M - 2 potions of berserk rage
Miscellaneous
 N - a phantom mirror
 Q - a box of beasts
 T - a lightning rod (4/4)


   Skills:
 + Level 11.9 Fighting
 - Level 9.6 Maces & Flails
 - Level 4.2 Armour
 + Level 4.0 Dodging
 - Level 2.1 Stealth
 - Level 9.0 Shields
 - Level 13.4 Spellcasting
 - Level 10.2 Conjurations
 - Level 6.5 Necromancy
 - Level 1.5 Transmutations
 - Level 10.8 Fire Magic
 + Level 8.9 Earth Magic
 - Level 10.0 Invocations
 + Level 4.9 Evocations


You had 19 spell levels left.
You knew the following spells:

 Your Spells              Type           Power      Damage    Failure   Level
a - Sandblast             Erth           100%       2d20      1%          1
b - Stone Arrow           Conj/Erth      100%       3d13      1%          3
c - Passwall              Tmut/Erth      51%        N/A       1%          2
d - Starburst             Conj/Fire      42%        6d12      6%          6
e - Dispel Undead         Necr           68%        3d23      1%          4
f - Iron Shot             Conj/Erth      40%        9d8       9%          6

Your spell library contained the following spells:

 Spells                   Type           Power      Damage    Failure   Level
 Foxfire                  Conj/Fire      100%       2x1d9     1%          1
 Kiss of Death            Conj/Necr      100%       2d13      1%          1
 Magic Dart               Conj           100%       1d8       1%          1
 Shock                    Conj/Air       100%       1d9       1%          1
 Searing Ray              Conj           100%       2d8       1%          2
 Dazzling Flash           Conj/Hex       100%       N/A       1%          3
 Ignite Poison            Fire/Tmut/Pois 56%        N/A       1%          3
 Kindle Blastsparks       Fire/Tloc/Air  100%       2d18      1%          3
 Vampiric Draining        Necr           68%        2d10      1%          3
 Sticky Flame             Conj/Fire      84%        2d10      1%          4
 Fireball                 Conj/Fire      42%        3d17      1%          5
 Iskenderun's Battlesphe  Conj           83%        2d13      1%          5
 Lee's Rapid Deconstruct  Erth           39%        3d19*     1%          5
 Mephitic Cloud           Conj/Pois/Air  52%        N/A       2%          3
 Slow                     Hex            100%       N/A       3%          1
 Summon Small Mammal      Summ           100%       N/A       3%          1
 Fulminant Prism          Conj/Hex       30%        3d16      3%          4
 Iskenderun's Mystic Bla  Conj/Tloc      61%        2d13      3%          4
 Petrify                  Tmut/Erth      62%        N/A       3%          4
 Call Imp                 Summ           26%        N/A       4%          2
 Poisonous Vapours        Pois/Air       52%        N/A       4%          2
 Leda's Liquefaction      Hex/Erth       29%        N/A       4%          4
 Anguish                  Hex/Necr       26%        N/A       8%          4
 Irradiate                Conj/Tmut      32%        3d22      8%          5
 Call Canine Familiar     Summ           26%        N/A       9%          3
 Confusing Touch          Hex            26%        N/A       9%          3
 Gell's Gravitas          Tloc           26%        N/A       9%          3
 Ozocubu's Armour         Ice            26%        N/A       9%          3
 Summon Guardian Golem    Hex/Summ       26%        N/A       9%          3
 Swiftness                Air            26%        N/A       9%          3
 Teleport Other           Tloc           26%        N/A       9%          3
 Tukima's Dance           Hex            26%        N/A       9%          3
 Arcjolt                  Conj/Air       30%        1d40      10%         5
 Freezing Cloud           Conj/Ice/Air   26%        6-21      21%         5
 Airstrike                Air            13%        2d(2-18)  28%         4
 Olgreb's Toxic Radiance  Pois           26%        N/A       28%         4
 Passage of Golubria      Tloc           26%        N/A       28%         4
 Summon Lightning Spire   Summ/Air       26%        N/A       28%         4
 Blade Hands              Tmut           19%        N/A       41%         5
 Conjure Ball Lightning   Conj/Air       30%        3x3d10    50%         6
 Alistair's Intoxication  Tmut/Pois      21%        N/A       52%         5
 Yara's Violent Unravell  Hex/Tmut       16%        3d8       52%         5
 Silence                  Hex/Air        13%        N/A       63%         5
 Ignition                 Fire           42%        3d12      93%         8
 Eringya's Noxious Bog    Tmut/Pois      16%        N/A       97%         6
 Spellforged Servitor     Conj/Summ      30%        N/A       97%         7
 Lehudib's Crystal Spear  Conj/Erth      40%        10d10     98%         8
 Dispersal                Tloc           13%        N/A       99%         6
 Malign Gateway           Summ/Tloc      13%        N/A       100%        7
 Ozocubu's Refrigeration  Ice            13%        4d10      100%        7
 Summon Horrible Things   Summ           13%        N/A       100%        8
 Cigotuvi's Dreadful Rot  Necr/Pois/Air  Unusable   N/A       N/A         2
 Statue Form              Tmut/Erth      Unusable   N/A       N/A         6

Dungeon Overview and Level Annotations

Branches:
Dungeon (15/15)            Temple (0/1) D:6            Lair (5/5) D:9
  Swamp (4/4) Lair:3        Snake (0/4) Lair:3        Slime (0/5) Lair:4
    Orc (2/2) D:11            Elf (0/3) Orc:2        Vaults (0/5) D:13
 Depths (0/4) D:15          Sewer (visited)         Gauntlet (visited)

Altars:
Cheibriados
Elyvilon
Hepliaklqana
Kikubaaqudgha
Makhleb
Nemelex Xobeh
Okawaru
Qazlal
Ru
Sif Muna
Trog
Uskayaw
Vehumet
Wu Jian
Zin
The Shining One
Jiyva

Shops:
D:1 *   D:9 [*[:   D:10 (   Orc:2 ([?(*

Annotations:
D:11 2 transporters


Innate Abilities, Weirdness & Mutations

You are immune to sickness and miasma.
Your stone body is resilient. (AC +12)
You are immune to poison.
Your large and strong wings let you fly.
You resist negative energy. (rN+)
You are resistant to electric shocks. (rElec)
You are resistant to unholy torment.
You are immune to petrification.


Message History

The briar patch is burned terribly!
You destroy the briar patch!
The thorn hunter is engulfed in a cloud of scalding steam.
The thorn hunter hits you but does no damage.
You block the thorn hunter's attack.
You hit the thorn hunter.
The thorn hunter is severely damaged.
You block the fenstrider witch's attack. x2
The shambling mangrove is engulfed in blazing flames.
Angry insects surge out from beneath the shambling mangrove's foliage!
Roots burst forth from the earth!
The grasping roots grab you! The grasping roots constrict you.
You thrash the thorn hunter!!
The thorn hunter is almost destroyed.
You block the thorn hunter's attack. The thorn hunter barely misses you.
The fenstrider witch is engulfed in a cloud of scalding steam.
The fenstrider witch casts a spell at you.
You barely resist.
The hornet is engulfed in a cloud of scalding steam. x2
You barely miss the thorn hunter.
The thorn hunter is almost destroyed.
The fenstrider witch is engulfed in a cloud of scalding steam.
The fenstrider witch points at you and mumbles some strange words.
You suddenly lose the ability to move!
The thorn hunter fires a volley of thorns at you.
The volley of thorns hits you!! The grasping roots constrict you.
* * * LOW HITPOINT WARNING * * *
The hornet is poisoned.
The hornet is engulfed in blazing flames.
The fenstrider witch is engulfed in a cloud of scalding steam.
The fenstrider witch hits you but does no damage.
The fenstrider witch kicks you but does no damage.
The thorn hunter hits you!
* * * LOW HITPOINT WARNING * * *
The thorn hunter hits you but does no damage.
The hornet is engulfed in poison gas.
The hornet looks even sicker.
The hornet stings you but does no damage. x2
The grasping roots constrict you!
You die...

♣♣.~~♣♣♣~†~§♣.~~..♣♣
♣♣...♣ ♣~.~~..~~~.♣ ♣~
♣~..♣♣ ♣♣.PP..§PP~♣♣.~
♣.~§♣ ♣.P.♣..P.♣♣~.
♣~~~.~♣♣♣~PP°♣♣♣~♣~♣♣♣♣♣
♣♣~~~..~~.PP~~♣♣§°~§..~~
.~~~.~~~.PP~.°♣§~○~°.
~.~~~.PP§.~§~y♣~♣♣~~
~~.~.~P~.~°H@yf†~○~.
~♣.~..~~.°§†~f♣♣♣..§
.....§~~~~§§~~§~~~~♣
♣~..~.~~~..~..[§.°.♣
♣♣.~~~....~##.##~°§♣
♣D~§...~~## ..##~§♣
§§~~.~~## ...##§.
~~~~~§♣ ....#♣♣ ~~~~~♣
?...#


You could see a thorn hunter, a shambling mangrove, a fenstrider witch
(invisible) and 2 hornets.

Vanquished Creatures
  Jorgrun (D:15)
  Frances (Swamp:2)
  Kirke (Swamp:1)
  A thorn hunter (Swamp:4)
  Roxanne (Swamp:1)
  A stone giant (D:15)
  4 eleionomae
  The ghost of Maeq the Spear-Bearer, a journeyman OpCK of Hepliaklqana (D:14)
  A minotaur (Gauntlet)
  A bunyip (Swamp:4)
  Snorg (D:11)
  A shambling mangrove (Swamp:2)
  An ettin (D:14)
  17 hydras
  An ice dragon (Swamp:4)
  6 centaur warriors
  7 ghost crabs
  5 boulder beetles
  2 two-headed ogres (D:10)
  3 tengu warriors (D:15)
  An alligator (Swamp:3)
  5 orc high priests (Orc:2)
  4 death yaks (Lair:2)
  3 goliath frogs
  A flayed ghost (D:13)
  Amaemon (D:9)
  7 spriggan druids
  5 swamp dragons
  Pikel (D:5)
  A lindwurm (Lair:2)
  8 orc knights (Orc:2)
  6 bog bodies
  3 deep elf pyromancers
  11 ugly things
  A manticore (D:15)
  A faun (shapeshifter) (D:13)
  2 cyclopes
  3 will-o-the-wisps
  Maurice (Orc:2)
  3 elephants
  17 cane toads
  4 apocalypse crabs (Swamp:3)
  3 black mambas
  A torpor snail (Lair:4)
  A smoke demon (Gauntlet)
  An orange demon (D:8)
  4 gargoyles
  3 unseen horrors
  A rime drake (Lair:5)
  9 komodo dragons
  Psyche (D:12)
  2 kobold demonologists (D:11)
  2 freezing wraiths
  A tengu conjurer (D:15)
  8 trolls
  3 meliai (D:13)
  2 bloated husks
  A polar bear (Lair:4)
  Prince Ribbit (D:5)
  Grinder (D:5)
  14 tyrant leeches
  7 hornets
  14 slime creatures
  A dream sheep (shapeshifter) (D:13)
  A raiju (Gauntlet)
  5 dream sheep (Lair:5)
  11 flying skulls (Gauntlet)
  17 blink frogs
  Sigmund (D:6)
  A vampire (D:9)
  9 spriggans
  4 wyverns
  2 shadows
  9 wraiths
  Eustachio (D:5)
  4 basilisks
  30 yaks
  5 steam dragons
  15 vampire mosquitoes
  A hog (shapeshifter) (D:14)
  A hog (Swamp:1)
  A warg (Orc:2)
  Edmund (D:5)
  15 swamp worms
  A naga (Lair:3)
  2 acid dragons (D:9)
  12 water moccasins
  11 swamp drakes
  A floating eye (shapeshifter) (D:13)
  2 black bears
  30 orc warriors
  Pargi (Sewer)
  An ice beast (D:6)
  13 ogres
  A tengu (shapeshifter) (D:13)
  5 wolves
  18 centaurs
  A lemure (D:5)
  5 kobold brigands
  20 bullfrogs
  5 necrophages
  2 gnoll sergeants
  4 scorpions
  4 wights
  7 killer bees
  3 howler monkeys
  3 electric eels
  3 crimson imps (Gauntlet)
  A hound (D:6)
  9 jellies
  30 orc priests
  A gnoll bouda (D:7)
  Crazy Yiuf (D:7)
  19 orc wizards
  4 iguanas
  12 gnolls
  11 adders
  2 white imps
  2 ufetubi
  A worm (D:2)
  3 dart slugs
  89 orcs
  7 ball pythons
  4 endoplasms
  8 giant cockroaches
  3 goblins
  3 hobgoblins
  4 jackals (D:1)
  4 quokkas
  16 bats
  5 frilled lizards (Sewer)
  11 kobolds
  10 rats
  8 briar patches (Swamp:4)
784 creatures vanquished.

Vanquished Creatures (others)
  A goliath frog (Swamp:3)
  2 spriggan druids (Swamp:3)
  A bloated husk (Swamp:2)
  3 humans (Swamp:2)
  A spriggan (Swamp:2)
  An orc wizard (Orc:2)
  A butterfly (D:8)
  14 foxfires
  34 fungi
  109 plants
167 creatures vanquished.

Grand Total: 951 creatures vanquished

Notes
Turn   | Place    | Note
-------+----------+-------------------------------------------
     0 | D:1      | Ijustatesigmund the Gargoyle Earth Elementalist began the
                  | quest for the Orb.
     0 | D:1      | Reached XP level 1. HP: 10/10 MP: 3/3
    79 | D:1      | Reached skill level 1 in Transmutations
   203 | D:1      | Reached XP level 2. HP: 15/15 MP: 3/5
   648 | D:1      | Found Ratz's General Store.
   659 | D:1      | Bought a scroll of identify for 24 gold pieces
   696 | D:1      | You fall into a shaft and drop 1 floor!
   767 | D:2      | Reached XP level 3. HP: 19/19 MP: 2/6
  1321 | D:2      | Learned a level 3 spell: Stone Arrow
  1324 | D:2      | Learned a level 2 spell: Passwall
  2223 | D:3      | Found an iron altar of Okawaru.
  2312 | D:3      | Found a glowing drain.
  2323 | D:3      | Reached skill level 1 in Fighting
  2323 | D:3      | Reached skill level 1 in Conjurations
  2323 | D:3      | Reached XP level 4. HP: 24/25 MP: 2/8
  2335 | Sewer    | Entered a sewer
  2431 | Sewer    | Noticed Pargi
  2435 | Sewer    | Killed Pargi
  2436 | Sewer    | Reached skill level 3 in Spellcasting
  2436 | Sewer    | Reached XP level 5. HP: 19/30 MP: 0/9
  2946 | D:3      | Found a burning altar of Makhleb.
  3292 | D:3      | Reached skill level 1 in Maces & Flails
  3293 | D:3      | Reached XP level 6. HP: 31/35 MP: 7/11
  4297 | D:4      | Reached skill level 4 in Spellcasting
  4403 | D:4      | Reached XP level 7. HP: 40/40 MP: 10/13
  4771 | D:4      | Found a glowing golden altar of the Shining One.
  4772 | D:4      | Found a snail-covered altar of Cheibriados.
  4779 | D:4      | Became a worshipper of Cheibriados the Contemplative
  4853 | D:4      | Found a glowing silver altar of Zin.
  4853 | D:4      | Noticed an angel
  4913 | D:5      | Entered Level 5 of the Dungeon
  5100 | D:1      | Bought 2 potions of heal wounds for 120 gold pieces
  5245 | D:5      | Noticed Pikel
  5245 | D:5      | Noticed Grinder
  5255 | D:5      | Found a shimmering blue altar of Sif Muna.
  5255 | D:5      | Noticed Eustachio
  5338 | D:5      | Killed Eustachio
  5394 | D:5      | Killed Pikel
  5395 | D:5      | Reached skill level 5 in Spellcasting
  5395 | D:5      | Reached skill level 5 in Conjurations
  5395 | D:5      | Reached XP level 8. HP: 11/44 MP: 1/16
  5624 | D:5      | Killed Grinder
  5625 | D:5      | Reached skill level 5 in Maces & Flails
  5719 | D:5      | Noticed Prince Ribbit
  5728 | D:5      | Killed Prince Ribbit
  5729 | D:5      | Reached skill level 6 in Spellcasting
  5857 | D:5      | Reached XP level 9. HP: 51/51 MP: 11/18
  5948 | D:5      | Reached skill level 1 in Invocations
  5953 | D:5      | Noticed Edmund
  6010 | D:5      | Killed Edmund
  6253 | D:5      | Reached * piety under Cheibriados
  6715 | D:6      | Got the Secrets of Doomed Moulding
  6736 | D:6      | Found a sacrificial altar of Ru.
  6756 | D:6      | Learned a level 1 spell: Kiss of Death
  6933 | D:6      | Identified a scroll of acquirement
  6933 | D:6      | Acquired 1041 gold pieces
  7057 | D:1      | Bought a scroll of amnesia for 48 gold pieces
  7057 | D:1      | Bought a scroll of acquirement for 624 gold pieces
  7058 | D:1      | Acquired the +2 pair of gloves "Cof Noli" {Int+3 SInv}
  7296 | D:6      | Noticed Sigmund
  7304 | D:6      | Killed Sigmund
  7500 | D:6      | Found a staircase to the Ecumenical Temple.
  7650 | D:6      | Reached skill level 5 in Fighting
  7651 | D:6      | Reached skill level 7 in Spellcasting
  7826 | D:6      | Reached ** piety under Cheibriados
  7837 | D:6      | Reached XP level 10. HP: 59/59 MP: 8/20
  8503 | D:7      | Found a bloodstained altar of Trog.
  8503 | D:7      | Found a stormy altar of Qazlal.
  8511 | D:7      | Found a faded altar of an unknown god.
  8513 | D:7      | Found a faded altar of an unknown god.
  8515 | D:7      | Found a radiant altar of Vehumet.
  8915 | D:7      | Reached skill level 1 in Armour
  8939 | D:7      | Reached skill level 5 in Invocations
  9446 | D:7      | Identified the +8 hammer of the Supporting Gods {drain,
                  | rPois rCorr}
  9451 | D:7      | Found a runed translucent door.
  9452 | D:7      | Noticed Crazy Yiuf
  9457 | D:7      | Killed Crazy Yiuf
  9600 | D:8      | Reached *** piety under Cheibriados
  9849 | D:8      | Noticed Amaemon
  9849 | D:8      | Noticed an orange demon
  9854 | D:9      | Found Ufixken's Assorted Antiques.
  9861 | D:9      | Killed Amaemon
  9956 | D:8      | Killed an orange demon
 10118 | D:8      | Found a white marble altar of Elyvilon.
 10628 | D:9      | Reached XP level 11. HP: 67/67 MP: 18/22
 10687 | D:9      | Found Sutzed's Armour Emporium.
 10697 | D:9      | Bought a +0 buckler for 63 gold pieces
 10743 | D:9      | Reached **** piety under Cheibriados
 10746 | D:9      | Noticed a boulder beetle
 10770 | D:9      | Killed a boulder beetle
 10771 | D:9      | Reached skill level 1 in Shields
 10830 | D:9      | Found a hazy altar of Hepliaklqana.
 11224 | D:9      | Noticed a brown ugly thing
 11243 | D:9      | Killed a brown ugly thing
 11490 | D:9      | Found Diticw's Book Shoppe.
 11512 | D:9      | Found a staircase to the Lair.
 11988 | D:9      | Found a sparkling altar of Nemelex Xobeh.
 12010 | D:9      | Found Umyreta's Armour Boutique.
 12020 | D:9      | Bought a +0 kite shield of reflection for 136 gold pieces
 12036 | D:10     | Entered Level 10 of the Dungeon
 12266 | D:10     | Noticed a two-headed ogre
 12274 | D:10     | Killed a two-headed ogre
 12503 | D:10     | Noticed a two-headed ogre
 12512 | D:10     | Killed a two-headed ogre
 12513 | D:10     | Reached skill level 5 in Earth Magic
 12840 | D:10     | Found Omadafee's Weapon Boutique.
 12974 | D:11     | Noticed Snorg
 12991 | D:11     | Killed Snorg
 12992 | D:11     | Reached XP level 12. HP: 46/76 MP: 13/23
 12997 | D:11     | Reached ***** piety under Cheibriados
 13101 | D:11     | Noticed a sun demon
 13429 | D:11     | Found a staircase to the Orcish Mines.
 13459 | D:11     | Reached skill level 8 in Spellcasting
 13669 | D:11     | Noticed a boulder beetle
 13697 | D:11     | Killed a boulder beetle
 13698 | D:11     | Reached skill level 5 in Shields
 13895 | D:11     | Found a transporter.
 13895 | D:11     | Found a transporter.
 13897 | D:11     | Found a transporter.
 13898 | D:11     | Found a transporter.
 14611 | D:12     | Noticed Psyche
 14620 | D:12     | Killed Psyche
 15227 | D:13     | Found a gate to the Vaults.
 15237 | D:13     | Learned a level 6 spell: Starburst
 15242 | D:13     | Found a hide-covered altar of Uskayaw.
 15267 | D:13     | Reached skill level 1 in Fire Magic
 15418 | D:13     | Noticed a centaur warrior
 15423 | D:13     | Killed a centaur warrior
 15424 | D:13     | Reached skill level 9 in Spellcasting
 15565 | D:13     | Noticed a boulder beetle
 15593 | D:13     | Killed a boulder beetle
 15722 | D:13     | Reached XP level 13. HP: 82/82 MP: 17/26
 15900 | D:13     | Found an iron altar of Okawaru.
 15974 | D:13     | Found a runed translucent door.
 16031 | D:13     | Found an ancient bone altar of Kikubaaqudgha.
 16051 | D:13     | Found an ornate altar of the Wu Jian Council.
 16051 | D:13     | Found a radiant altar of Vehumet.
 16083 | D:13     | Reached skill level 5 in Fire Magic
 16086 | D:13     | Identified the +4 sling of Compassion {drain, rElec rC-
                  | Int+3 Stlth+}
 16087 | D:13     | Identified the +8 spear "Gogoxosu" {protect, Int+2}
 16138 | D:13     | Found an iron altar of Okawaru.
 16161 | D:13     | Found a stormy altar of Qazlal.
 16726 | D:14     | Reached skill level 10 in Spellcasting
 17285 | D:14     | Noticed Louise
 17287 | D:14     | Louise changed into Louise the ettin
 17287 | D:14     | Noticed Louise
 17294 | D:14     | Killed Louise the ettin
 17907 | D:14     | Noticed Maeq's ghost (journeyman OpCK)
 17908 | D:14     | Found a runed translucent door.
 17908 | D:14     | Identified the +7 trident "Plog" {drain, rElec rPois Will+}
 17933 | D:13     | Acquired the Tractate on Vapourous Bolts
 17937 | D:13     | Acquired 959 gold pieces
 17941 | D:13     | Acquired a book of Conjurations
 18063 | D:14     | Killed Maeq's ghost
 18184 | D:14     | Identified the +1 hat of the Shining One's Whim {rF+ Dex+5}
 18312 | D:15     | Entered Level 15 of the Dungeon
 18444 | D:15     | Reached skill level 11 in Spellcasting
 18449 | D:15     | Noticed a stone giant
 18474 | D:15     | Killed a stone giant
 18932 | D:15     | Gained mutation: Your large and strong wings let you fly.
                  | [Gargoyle growth]
 18932 | D:15     | Reached XP level 14. HP: 83/87 MP: 29/29
 19067 | D:15     | Reached skill level 12 in Spellcasting
 19092 | D:15     | Noticed Jorgrun
 19116 | D:15     | Killed Jorgrun
 19795 | D:15     | Found a staircase to the Depths.
 20210 | Lair:1   | Entered Level 1 of the Lair of Beasts
 20496 | Lair:1   | Identified the +7 shortbow "Zacsothra" {flame, Str+3 Dex+6}
 21062 | Lair:2   | Reached skill level 10 in Fire Magic
 21153 | Lair:2   | Found a gate leading to a gauntlet.
 21159 | Gauntlet | Entered a Gauntlet
 21159 | Gauntlet | Found a transporter.
 21163 | Gauntlet | Found a transporter.
 21182 | Gauntlet | Found a transporter.
 21190 | Gauntlet | Found a transporter.
 21198 | Gauntlet | Found a transporter.
 21198 | Gauntlet | Found a transporter.
 21198 | Gauntlet | Found a transporter.
 21242 | Gauntlet | Found a transporter.
 21281 | Gauntlet | Got the Compilation of Clouds
 21292 | Gauntlet | Found a transporter.
 21400 | Gauntlet | Identified the +9 glaive "Yvos" {spect, rC+ MP-9 Str+2
                  | Int+4}
 22370 | Lair:3   | Reached skill level 13 in Spellcasting
 22439 | Lair:3   | Found a staircase to the Swamp.
 22667 | Lair:3   | Reached skill level 10 in Fighting
 22731 | Lair:3   | Found a staircase to the Snake Pit.
 23267 | Lair:4   | Reached ****** piety under Cheibriados
 23297 | Lair:4   | Reached XP level 15. HP: 78/92 MP: 32/32
 23360 | Lair:4   | Found a viscous altar of Jiyva.
 23360 | Lair:4   | Found a staircase to the Slime Pits.
 23956 | Lair:5   | Entered Level 5 of the Lair of Beasts
 24153 | Lair:5   | Learned a level 4 spell: Dispel Undead
 24523 | Lair:5   | Reached skill level 1 in Necromancy
 24537 | Lair:5   | Reached skill level 10 in Invocations
 24828 | Lair:5   | Got the Secrets of Variation
 25327 | Orc:1    | Entered Level 1 of the Orcish Mines
 25709 | Orc:2    | Entered Level 2 of the Orcish Mines
 25718 | Orc:2    | Noticed Maurice
 25731 | Orc:2    | Killed Maurice
 25869 | Orc:2    | Found a staircase to the Elven Halls.
 26266 | Orc:2    | Found Tuck's Gadget Gallery.
 26652 | Orc:2    | Reached skill level 5 in Necromancy
 26936 | Orc:2    | Found Hacsiept's Magic Scroll Boutique.
 26936 | Orc:2    | Found Ydghon Ywaifi's Weapon Boutique.
 26937 | Orc:2    | Found Fogaw's Armour Shop.
 26937 | Orc:2    | Found Zoriol's Antique Weapon Boutique.
 26948 | Orc:2    | Bought a scroll of blinking for 112 gold pieces
 26948 | Orc:2    | Bought a scroll of fog for 60 gold pieces
 26948 | Orc:2    | Bought a scroll of teleportation for 45 gold pieces
 26948 | Orc:2    | Bought a scroll of enchant armour for 112 gold pieces
 27036 | Orc:2    | Bought a bone sling for 195 gold pieces
 27036 | Orc:2    | Identified the +7 sling "Doucysm" {antimagic, rN+ Int+4
                  | Stlth+} (You bought it in a shop on level 2 of the Orcish
                  | Mines)
 27311 | Swamp:1  | Entered Level 1 of the Swamp
 27366 | Swamp:1  | Reached XP level 16. HP: 99/99 MP: 8/33
 27663 | Swamp:1  | Noticed Roxanne
 27683 | Swamp:1  | Reached skill level 10 in Conjurations
 27713 | Swamp:1  | Killed Roxanne
 28351 | Swamp:2  | Noticed Frances
 28353 | Swamp:2  | Upgraded the game from 0.30-a0-459-g9104f0fc43 to
                  | 0.30-a0-462-gd5975efbca
 28479 | Swamp:2  | Noticed Kirke
 28508 | Swamp:1  | Killed Kirke
 28509 | Swamp:1  | Reached skill level 1 in Evocations
 28581 | Swamp:2  | Killed Frances
 28725 | Swamp:2  | Learned a level 6 spell: Iron Shot
 29512 | Swamp:3  | Found a runed translucent door.
 30181 | Swamp:3  | Identified the +7 long sword "Teij" {vorpal, rC+ Dex+2}
 30459 | Swamp:4  | Entered Level 4 of the Swamp
 30586 | Swamp:4  | Noticed a thorn hunter
 30700 | Swamp:4  | Killed a thorn hunter
 30801 | Swamp:4  | Identified the +0 robe "Heykkau" {Harm Rampage SInv
                  | Archmagi}
 30808 | Swamp:4  | Noticed a thorn hunter
 30811 | Swamp:4  | Noticed a fenstrider witch
 30820 | Swamp:4  | Paralysed by a fenstrider witch for 4 turns
 30821 | Swamp:4  | Constricted to death by a shambling mangrove

Illustrated notes

Levels and vault maps discovered:
D:1:      minmay_arrival_plants_in_alcoves, layout_loops_cross, serial_shops,
          nicolae_shop_waterfront
D:2:      layout_loops_ring, roderic_serpentine_path
D:3:      layout_loops_corners, bloody_makhleb, marbit_many_paths,
          gup_sewer_entry_glass
D:4:      layout_basic, zin_angel, gammafunk_temple_overflow_pools,
          minmay_misc_feat_diagonals
D:5:      layout_basic, nicolae_sif_muna_condensation,
          chequers_serial_rivers_micro_a, uniq_eustachio, uniq_pikel,
          uniq_prince_ribbit1, uniq_grinder, uniq_edmund
D:6:      layout_basic, lemuel_crystal_altar,
          minmay_temple_entry_enclosed_plants, minmay_misc_feat_tower,
          minmay_joined_circles, uniq_sigmund
D:7:      layout_basic, chequers_temple_overflow_minitemple,
          minmay_misc_feat_doors, uniq_crazy_yiuf_cottage
D:8:      layout_gridville, nicolae_elyvilon_peaceful_grove, uniq_amaemon
D:9:      cheibrodos_ideogram_h, layout_cave_pools,
          nicolae_hepliaklqana_hazy_memory, nemelex_diamond_rough_becter,
          david_lair_shrubbed, serial_shops, nicolae_take_the_stairs,
          shop_statue, kennysheep_mini, nicolae_shop_hallway_plus
D:10:     layout_basic, serial_shops, nicolae_shop_behind_doors,
          minmay_misc_feat_hallway, serial_park_tiny_2
D:11:     layout_roguey, minmay_orc_entry_temple_small, nicolae_diode_quadrants,
          uniq_snorg
D:12:     layout_rooms, uniq_psyche
D:13:     due_megacathedral, layout_basic, david_vaults_2,
          nicolae_uskayaw_murder_on_the_dancefloor
D:14:     layout_basic, serial_bayou_ford_a, ebering_ghost_funeral_grove,
          uniq_louise
D:15:     grunt_enter_depths_giant_problem, layout_basic,
          minmay_misc_feat_ornament, nicolae_concentric_dashed_squares_mild,
          uniq_jorgrun
Lair:1:   layout_big_grid
Lair:2:   layout_loops_ring, gauntlet_entry_generic, grunt_megastairs_2
Lair:3:   layout_concentric_octagons, skrybe_swamp_entry_bodies,
          guppyfry_snake_entry_garden, lemuel_fruit_tree,
          infiniplex_staircase_pool
Lair:4:   layout_regular_city, minmay_slime_entry_pillars, forest_entry_grove,
          lemuel_fruit_fields
Lair:5:   minmay_lair_end_frog_pond, layout_misc_corridors
Swamp:1:  layout_basic_swamp, evilmike_swamp_ruin_house_5,
          nicolae_swamp_triple_paths, uniq_roxanne
Swamp:2:  layout_falls_marsh, nicolae_swamp_dense_foliage, uniq_frances,
          uniq_kirke
Swamp:3:  gammafunk_mikee_crab_dinner, layout_basic_swamp,
          evilmike_swamp_ruin_house_4
Swamp:4:  swamp, layout_basic_swamp, swamp_pool2, nicolae_swamp_small_spring,
          infiniplex_staircase_pool_2, uniq_mara
Orc:1:    layout_caves, basic_altar
Orc:2:    st_orc_pillars, layout_caves, nicolae_shop_gadgets, uniq_maurice

Skill      XL: |  1  2  3  4  5  6  7  8  9 10 11 12 13 14 15 16 |
---------------+-------------------------------------------------+-----
Transmutations | 1 |  1.5
Earth Magic    | 4 5 6 8 |  8.9
Fighting       | 1 2 3 5 7 9 10 11 | 11.9
Conjurations   | 1 2 3 5 6 7 8 9 10 | 10.2
Spellcasting   | 3 4 5 6 7 9 11 13 | 13.4
Maces & Flails | 1 2 4 5 6 8 9 |  9.6
Invocations    | 4 6 8 9 10 | 10.0
Armour         | 4 |  4.2
Shields        | 4 5 9 |  9.0
Fire Magic     | 3 8 10 | 10.8
Dodging        | 2 3 4 |  4.0
Necromancy     | 6 |  6.5
Evocations     | 4 |  4.9
Stealth        | |  2.1

Action                   |  1- 3 |  4- 6 |  7- 9 | 10-12 | 13-15 | 16-18 || total
-------------------------+-------+-------+-------+-------+-------+-------++-------
Melee: Short sword       |     7 |       |       |       |       |       ||     7
       Flail             |     3 |    30 |    12 |       |       |       ||    45
       Whip              |       |       |    68 |       |       |       ||    68
       Dire flail        |       |       |    38 |   177 |       |       ||   215
       Mace              |       |       |       |   158 |       |       ||   158
       Demon whip        |       |       |       |   340 |  1559 |   490 ||  2389
 Cast: Sandblast         |    57 |    66 |    42 |     7 |     3 |     1 ||   176
       Stone Arrow       |       |     3 |    62 |    73 |   102 |    45 ||   285
       Kiss of Death     |       |       |     1 |       |       |       ||     1
       Starburst         |       |       |       |       |    22 |    24 ||    46
       Iron Shot         |       |       |       |       |       |     3 ||     3
Invok: Slouch            |       |       |       |     3 |    11 |     1 ||    15
       Bend Time         |       |       |       |     1 |     2 |       ||     3
Evoke: Wand              |       |       |       |     3 |     3 |    15 ||    21
       Phantom mirror    |       |       |       |       |     1 |       ||     1
  Use: Potion            |     1 |       |     1 |     2 |     3 |       ||     7
       Scroll            |    12 |     5 |     6 |    14 |    16 |     4 ||    57
 Stab: Sleeping          |       |       |     2 |     4 |    13 |     2 ||    21
       Distracted        |       |       |       |     1 |     3 |     1 ||     5
       Invisible         |       |       |       |       |     4 |     1 ||     5
Armor: Robe              |    17 |    36 |    65 |    14 |       |       ||   132
       Plate armour      |       |       |       |   180 |       |       ||   180
       Steam dragon scal |       |       |       |   300 |   646 |   218 ||  1164
Dodge: Dodged            |    34 |    48 |    90 |   319 |   636 |   228 ||  1355
Block: Kite shield       |       |       |       |   194 |  1118 |   310 ||  1622
       Buckler           |       |       |       |    38 |       |       ||    38
       Reflection        |       |       |       |     7 |    27 |     8 ||    42

Table legend: (Time is in decaauts)
 A = Elapsed time spent in this place.
 B = Non-inter-level travel time spent in this place.
 C = Inter-level travel time spent in this place.
 D = Time resting spent in this place.
 E = Time spent auto-exploring this place.
 F = Levels seen in this place.
 G = Mean time per level.
                   A        B        C        D        E       F      G
               +--------+--------+--------+--------+--------+-----+--------+
         Total |  41638 |  38351 |   3287 |   4907 |  26231 |  28 | 1487.1 |
       Dungeon |  25415 |  23292 |   2123 |   3768 |  15893 |  15 | 1694.3 |
          Lair |   7872 |   7083 |    789 |     32 |   5562 |   5 | 1574.4 |
         Swamp |   4928 |   4790 |    138 |    757 |   2914 |   4 | 1232.0 |
  Orcish Mines |   2711 |   2475 |    236 |    221 |   1557 |   2 | 1355.5 |
         Sewer |    344 |    344 |      0 |    126 |    140 |   1 |  344.0 |
      Gauntlet |    365 |    365 |      0 |      3 |    164 |   1 |  365.0 |
               +--------+--------+--------+--------+--------+-----+--------+

Top non-repeatable levels by time:
    D:13: 2406 daAuts
     D:9: 2305 daAuts
    D:15: 2278 daAuts
    D:14: 2215 daAuts
     D:6: 2125 daAuts
    D:11: 2100 daAuts
   Orc:2: 2074 daAuts
  Lair:5: 1814 daAuts
     D:5: 1808 daAuts
  Lair:1: 1646 daAuts
 Swamp:1: 1605 daAuts
  Lair:4: 1557 daAuts
 Swamp:3: 1541 daAuts
    D:10: 1523 daAuts
  Lair:2: 1499 daAuts
